 Seeded DCSS version 0.28-a0-938-gbc3f381ebc (webtiles) character file.

Game seed: 20211100 (custom seed)

8218 a11behringer the Cleaver (level 11, -1/190 HPs)
             Began as a Minotaur Berserker on Nov 28, 2021.
             Was an Elder of Trog.
             Slain by an orc warlord (25 damage)
             ... on level 1 of the Orcish Mines on Nov 29, 2021.
             The game lasted 00:33:22 (8555 turns).

a11behringer the Cleaver (Minotaur Berserker)       Turns: 8555, Time: 00:33:23

Health: -1/190     AC: 19    Str: 30    XL:     11   Next: 7%
Magic:  0/10       EV:  9    Int:  4    God:    Trog [****..]
Gold:   402        SH:  5    Dex: 11    Spells: 10/10 levels left

rFire   . . .      SeeInvis .   a - +1 hand axe
rCold   . . .      Faith    .   q - +0 buckler
rNeg    . . .      Spirit   +   T - +0 plate armour
rPois   .          Reflect  .   l - +2 hat of the Bear Spirit {Spirit, *Rage Will++}
rElec   .          Harm     .   z - +0 cloak
rCorr   .          Rampage  .   (no gloves)
Will    +++++      Rage     20% s - +0 pair of boots
Stlth   ..........              U - amulet of regeneration
HPRegen 2.21/turn               i - +6 ring of strength
MPRegen 0.12/turn               t - ring of willpower

@: berserking, strong-willed, regenerating, very quick
A: horns 2, retaliatory headbutt
a: Renounce Religion, Berserk, Trog's Hand, Brothers in Arms


You were on level 1 of the Orcish Mines.
You worshipped Trog.
Trog was greatly pleased with you.
You visited 2 branches of the dungeon, and saw 10 of its levels.
You also visited: Sewer.

You collected 852 gold pieces.
You spent 450 gold pieces at shops.

Inventory:

Hand Weapons
 a - a +1 hand axe (weapon)
 p - a +0 shortbow
 y - a +0 hunting sling
 I - a +0 arbalest
 S - a +0 war axe
Missiles
 c - 9 boomerangs (quivered)
 w - 46 sling bullets
 B - 12 poisoned darts
 C - 61 bolts
 H - 121 arrows
Armour
 b - a +0 animal skin
 h - a +0 chain mail
 l - the +2 hat of the Bear Spirit (worn) {Spirit, *Rage Will++}
   (You found it on level 7 of the Dungeon)

   Going berserk makes the wearer tougher, and they're slowed less afterward.
   *Rage:     It berserks you when you make melee attacks (+20% chance).
   Will:      It greatly increases your willpower.
 m - a +2 leather armour of poison resistance
 q - a +0 buckler (worn)
 s - a +0 pair of boots (worn)
 v - the +1 robe of Kindness {Will+++ MP-9 Slay+2 Archmagi}
   (You found it on level 4 of the Dungeon)

   Slay:      It affects your accuracy & damage with ranged weapons and melee
   (+2).
   MP:        It affects your magic capacity (-9).
   Archmagi:  It increases the power of your magical spells.
   Will:      It greatly increases your willpower.
 z - a +0 cloak (worn)
 T - a +0 plate armour (worn)
Jewellery
 i - a +6 ring of strength (left hand)
 t - a ring of willpower (right hand)
 L - an amulet of guardian spirit
 U - an amulet of regeneration (around neck)
 V - a ring of ice
 W - a ring of poison resistance
Wands
 A - a wand of iceblast (17)
 E - a wand of charming (15)
 F - a wand of flame (22)
 G - a wand of polymorph (17)
 N - a wand of acid (23)
Scrolls
 e - a scroll of immolation
 j - a scroll of fog
 n - 7 scrolls of teleportation
 o - a scroll of fear
 u - 2 scrolls of vulnerability
 x - 2 scrolls of amnesia
 M - a scroll of holy word
 P - a scroll of enchant armour {unknown}
 R - a scroll of blinking {unknown}
 X - a scroll of magic mapping {unknown}
Potions
 d - 2 potions of flight
 f - a potion of attraction
 g - 3 potions of ambrosia
 k - a potion of berserk rage {unknown}
 r - 2 potions of resistance
 D - 5 potions of heal wounds
 J - 3 potions of curing
 K - a potion of magic
 Q - a potion of invisibility


   Skills:
 + Level 8.4 Fighting
 * Level 14.9 Axes
 + Level 10.2 Armour
 + Level 3.1 Dodging
 - Level 6.2 Shields


You had 10 spell levels left.
You didn't know any spells.
Your spell library was empty.

Dungeon Overview and Level Annotations

Branches:
Dungeon (9/15)             Temple (0/1) D:4            Lair (0/6) D:9
    Orc (1/2) D:9           Sewer (visited)

Altars:
Gozag
Vehumet
Yredelemnul

Shops:
D:1 !   D:4 (   D:8 =


Innate Abilities, Weirdness & Mutations

You have a pair of horns on your head.
You reflexively headbutt those who attack you in melee.


Message History

You kill the orc wizard!
Trog accepts your kill.
Trog appreciates your killing of a magic user.
The orc warrior hits you from afar with a +0 glaive!!
You slash the orc warlord!
The orc warlord is moderately wounded.
You hit the orc warrior. The orc warrior closely misses you.
You hit the orc warlord.
The orc warlord is moderately wounded.
You completely miss the orc warrior. You hit the orc.
The orc warrior hits you from afar with a +0 glaive!!
* * * LOW HITPOINT WARNING * * *
You hit the orc warlord. Your headbutt misses the orc warlord.
The orc warlord is moderately wounded.
You hit the orc.
You kill the orc!
Trog accepts your kill.
You slash the orc warrior!
The orc warlord hits you with a +0 battleaxe!!
* * * LOW HITPOINT WARNING * * *
You are too berserk!
You are too berserk!
You slash the orc warlord! Your headbutt misses the orc warlord.
The orc warlord is moderately wounded.
You barely miss the orc warrior. You barely miss the orc warlord.
You headbutt the orc warlord, but do no damage.
The orc warlord is moderately wounded.
You slash the orc!
You kill the orc!
Trog accepts your kill.
You slash the orc warrior!
You kill the orc warrior!
Trog accepts your kill. The orc warrior barely misses you.
You slash the orc warlord!
You headbutt the orc warlord, but do no damage.
The orc warlord is heavily wounded.
The orc warlord hits you with a +0 battleaxe!!
You die...

# ####### ######## ######
###.##..###.#.#..####..#.##
.#.......#........#.......##
.......................#...##
....................#....<..#
..........>......)......#..##
#............oo).).......##.##
...ooo.......oo)@)...........#
............>..)o.........#.##
###.............o............#
###.......................#.##
......##............##.....##
....##.............#........#
...##......................##
....##....................##
............#..........#.##


You could see an orc warlord, 2 orc warriors and 3 orcs.

Vanquished Creatures
  A two-headed ogre (D:9)
  The ghost of pokeman the Thaumaturge, a novice DEWz of Vehumet (D:9)
  An ugly thing (D:9)
  Joseph (D:7)
  Maggie (D:8)
  A hornet (D:9)
  3 trolls
  Grinder (D:4)
  Sigmund (D:3)
  A wraith (D:9)
  A wyvern (D:9)
  A yak (D:9)
  2 steam dragons (D:5)
  3 vampire mosquitoes (D:6)
  A warg (Orc:1)
  A water moccasin (D:7)
  5 orc warriors
  2 sky beasts
  An ice beast (D:6)
  A necrophage (D:6)
  6 ogres
  3 centaurs
  2 phantoms (D:6)
  A kobold brigand (Sewer)
  Blork the orc (D:4)
  4 bullfrogs
  2 scorpions
  7 killer bees
  3 howler monkeys
  A bullfrog zombie (D:7)
  2 centaur zombies (D:9)
  6 orc priests
  A centaur skeleton (D:5)
  4 hounds
  2 bullfrog skeletons (D:6)
  Ijyb (D:5)
  An iguana (D:5)
  12 orc wizards
  A killer bee zombie (D:7)
  2 river rats (Sewer)
  9 adders
  A shadow imp (D:6)
  2 ufetubi
  A worm (D:4)
  3 dart slugs
  24 orcs
  6 ball pythons
  3 endoplasms (D:1)
  2 giant cockroaches (D:2)
  3 goblins
  12 hobgoblins
  7 jackals
  8 kobolds
  7 quokkas
  7 bats
  4 frilled lizards
  9 rats
200 creatures vanquished.

Vanquished Creatures (others)
  12 fungi (D:5)
12 creatures vanquished.

Grand Total: 212 creatures vanquished

Notes
Turn   | Place    | Note
-------+----------+-------------------------------------------
     0 | D:1      | a11behringer the Minotaur Berserker began the quest for the
                  | Orb.
     0 | D:1      | Reached XP level 1. HP: 19/19 MP: 0/0
    10 | D:1      | Noticed a bullfrog
    65 | D:1      | Reached skill level 4 in Axes
   109 | D:1      | Reached XP level 2. HP: 27/27 MP: 1/1
   471 | D:1      | Found Corphadd's Distillery.
   504 | D:1      | Reached ** piety under Trog
   621 | D:1      | Reached XP level 3. HP: 33/33 MP: 2/2
  1165 | D:2      | Found a faded altar of an unknown god.
  1251 | D:2      | Reached skill level 5 in Axes
  1550 | D:3      | Reached XP level 4. HP: 41/41 MP: 3/3
  2092 | D:3      | Reached *** piety under Trog
  2105 | D:3      | Noticed Sigmund
  2112 | D:3      | Killed Sigmund
  2113 | D:3      | Reached skill level 6 in Axes
  2113 | D:3      | Reached skill level 1 in Shields
  2113 | D:3      | Reached XP level 5. HP: 47/47 MP: 4/4
  2408 | D:4      | Found a radiant altar of Vehumet.
  2422 | D:4      | Noticed an ogre
  2425 | D:4      | Identified the +1 robe of Kindness {Will+++ MP-9 Slay+2
                  | Archmagi}
  2430 | D:4      | Killed an ogre
  2431 | D:4      | Reached skill level 7 in Axes
  2431 | D:4      | Reached XP level 6. HP: 18/55 MP: 5/5
  2650 | D:4      | Noticed Grinder
  2660 | D:4      | Killed Grinder
  2661 | D:4      | Reached skill level 5 in Fighting
  2661 | D:4      | Reached XP level 7. HP: 61/61 MP: 6/6
  2691 | D:4      | Found a staircase to the Ecumenical Temple.
  2700 | D:4      | Reached skill level 8 in Axes
  2780 | D:4      | Found Nagog's Weapon Shop.
  3024 | D:4      | Noticed Blork the orc
  3033 | D:4      | Killed Blork the orc
  3106 | D:5      | Entered Level 5 of the Dungeon
  3114 | D:5      | Reached skill level 9 in Axes
  3118 | D:5      | Reached XP level 8. HP: 54/69 MP: 7/7
  3313 | D:5      | Found a glowing drain.
  3317 | Sewer    | Entered a sewer
  3410 | Sewer    | Found a white marble altar of Elyvilon.
  3545 | D:5      | Reached skill level 10 in Axes
  3545 | D:5      | Reached skill level 5 in Armour
  3832 | D:5      | Found an opulent altar of Gozag.
  4131 | D:5      | Reached skill level 5 in Shields
  4262 | D:5      | Noticed Ijyb
  4271 | D:5      | Killed Ijyb
  4407 | D:5      | Reached **** piety under Trog
  4568 | D:6      | Reached skill level 11 in Axes
  4581 | D:6      | Reached XP level 9. HP: 75/75 MP: 8/8
  4615 | D:6      | Found a basalt altar of Yredelemnul.
  4945 | D:6      | Reached skill level 12 in Axes
  5820 | D:7      | Found the +2 hat of the Bear Spirit {Spirit, *Rage Will++}
  5921 | D:7      | Noticed Joseph
  5938 | D:7      | Killed Joseph
  6463 | D:8      | Found Ixkigafo's Jewellery Shoppe.
  6480 | D:8      | Reached skill level 13 in Axes
  6707 | D:8      | Noticed Maggie
  6720 | D:8      | Killed Maggie
  6721 | D:8      | Reached XP level 10. HP: 38/86 MP: 1/9
  7350 | D:8      | Bought an amulet of regeneration for 450 gold pieces
  7536 | D:9      | Noticed a two-headed ogre
  7545 | D:9      | Killed a two-headed ogre
  7627 | D:9      | Noticed a cyan ugly thing
  7629 | D:9      | Noticed pokeman's ghost (novice DEWz)
  7634 | D:9      | Found a staircase to the Orcish Mines.
  7642 | D:9      | Found a runed translucent gate.
  7642 | D:9      | Found a runed translucent gate.
  7644 | D:9      | Found a runed translucent gate.
  7697 | D:9      | Reached skill level 14 in Axes
  7698 | D:9      | Killed a cyan ugly thing
  7702 | D:9      | Killed pokeman's ghost
  7741 | D:9      | Found a staircase to the Lair.
  8351 | Orc:1    | Entered Level 1 of the Orcish Mines
  8358 | Orc:1    | Reached skill level 10 in Armour
  8485 | Orc:1    | Reached XP level 11. HP: 95/95 MP: 10/10
  8496 | Orc:1    | Noticed an orc warlord
  8555 | Orc:1    | Slain by an orc warlord

Illustrated notes

Levels and vault maps discovered:
D:1:      evilmike_arrival_come_back, layout_basic, serial_shops,
          nicolae_shop_waterfront
D:2:      layout_rooms, shapermc_ecumenical_altar_notcrosses
D:3:      minmay_inner_zag, layout_basic, uniq_sigmund
D:4:      layout_cave_pools, mainiacjoe_overflow_small_starburst,
          minmay_temple_entry_offerings, serial_shops,
          nicolae_shop_bloodbath_and_beyond, uniq_grinder, uniq_blork_the_orc
D:5:      kennysheep_steamy, layout_cave_pods, grunt_gozag_statues,
          gup_sewer_entry_bowl, uniq_ijyb, uniq_prince_ribbit1
D:6:      layout_rooms, mainiacjoe_overflow_six_doors_small,
          minmay_misc_feat_more_columns
D:7:      layout_basic, serial_park_tiny_2, uniq_joseph
D:8:      layout_rooms, serial_shops, shop, uniq_maggie
D:9:      layout_cave_pods, dpeg_oklobed_lair, orc_0_dummy,
          gammafunk_ghost_split
Orc:1:    layout_caves, gammafunk_ghost_grave

Skill      XL: |  1  2  3  4  5  6  7  8  9 10 |
---------------+-------------------------------+-----
Axes           | 4 5 6 7 9 11 13 14 | 14.9
Fighting       | 4 5 6 7 8 |  8.4
Armour         | 3 4 5 8 10 | 10.2
Shields        | 1 2 3 5 6 |  6.2
Dodging        | 3 |  3.1

Action                   |  1- 3 |  4- 6 |  7- 9 | 10-12 || total
-------------------------+-------+-------+-------+-------++-------
Melee: Hand axe          |    86 |    53 |   273 |   124 ||   536
       Headbutt          |    10 |     8 |    74 |    31 ||   123
Invok: Berserk           |       |     2 |     5 |     2 ||     9
       Trog's Hand       |       |       |     3 |     2 ||     5
  Use: Potion            |       |       |     1 |       ||     1
       Scroll            |       |       |    15 |     3 ||    18
Armor: Animal skin       |    11 |       |       |       ||    11
       Chain mail        |    20 |    18 |   113 |    12 ||   163
       Plate armour      |       |       |       |    43 ||    43
Dodge: Dodged            |    55 |    25 |   102 |    53 ||   235
Block: Buckler           |       |    11 |    67 |    22 ||   100

Table legend: (Time is in decaauts)
 A = Elapsed time spent in this place.
 B = Non-inter-level travel time spent in this place.
 C = Inter-level travel time spent in this place.
 D = Time resting spent in this place.
 E = Time spent auto-exploring this place.
 F = Levels seen in this place.
 G = Mean time per level.
                   A        B        C        D        E       F      G
               +--------+--------+--------+--------+--------+-----+--------+
         Total |   8607 |   7131 |   1476 |      0 |   5792 |  11 |  782.5 |
       Dungeon |   8235 |   6788 |   1447 |      0 |   5707 |   9 |  915.0 |
  Orcish Mines |    189 |    160 |     29 |      0 |     71 |   1 |  189.0 |
         Sewer |    182 |    182 |      0 |      0 |     13 |   1 |  182.0 |
               +--------+--------+--------+--------+--------+-----+--------+

Top non-repeatable levels by time:
     D:5: 1299 daAuts
     D:8: 1124 daAuts
     D:1: 1067 daAuts
     D:3: 937 daAuts
     D:7: 931 daAuts
     D:9: 904 daAuts
     D:6: 830 daAuts
     D:4: 718 daAuts
     D:2: 421 daAuts
   Orc:1: 189 daAuts
   Sewer: 182 daAuts
